 Dungeon Crawl Stone Soup version 0.13.0-3-g966e3ec (webtiles) character file.

144 Lilouch the Cudgeler (level 4, -2/28 HPs)
             Began as a Gargoyle Fighter on Oct 13, 2013.
             Slain by a gnoll
             ... wielding a +0,+0 halberd
              (8 damage)
             ... on Level 2 of the Dungeon.
             The game lasted 00:04:43 (1443 turns).

Lilouch the Cudgeler (Gargoyle Fighter)             Turns: 1443, Time: 00:04:43

HP  -2/28        AC 11     Str 21      XL: 4   Next: 78%
MP   3/3         EV  6     Int  8      God:
Gold 42          SH 19     Dex  9      Spells:  0 memorised,  3 levels left

Res.Fire  : . . .   See Invis. : .   a - +0 mace
Res.Cold  : . . .   Warding    : .   b - +0 scale mail
Life Prot.: + . .   Conserve   : .   c - +0 shield
Res.Poison: +       Res.Corr.  : .   (no helmet)
Res.Elec. : +       Clarity    : .   p - +0 cloak
Sust.Abil.: . .     Spirit.Shd : .   (no gloves)
Res.Mut.  : .       Stasis     : .   (no boots)
Res.Rott. : +       Flight     : .   (no amulet)
Saprovore : . . .                    (no ring)
                                     (no ring)

@: slightly resistant to hostile enchantments, extremely unstealthy
A: fangs 1, talons 2, life protection 1, electricity resistance, slow metabolism
1, unbreathing, petrification resistance, AC +3
a: no special abilities


You were on level 2 of the Dungeon.
You were not hungry.

You visited 1 branch of the dungeon, and saw 2 of its levels.

You collected 22 gold pieces.

Inventory:

Hand weapons
 a - a +0,+0 mace (weapon)
Missiles
 e - 48 stones (quivered)
 l - 3 darts of dispersal
 m - 30 poisoned needles
 o - 3 darts of frost
 r - 3 needles of confusion
 u - 2 poisoned javelins
Armour
 b - a +0 scale mail (worn)
 c - a +0 shield (worn)
 p - a +0 cloak (worn)
Comestibles
 d - 2 bread rations
 t - a chunk of rat flesh
Scrolls
 f - a scroll of amnesia {unknown}
 g - 2 scrolls of identify {unknown}
 j - 3 scrolls of remove curse {unknown}
 k - a scroll of noise {unknown}
 n - 2 scrolls of teleportation {unknown}
 q - a scroll of random uselessness {unknown}
Jewellery
 v - an uncursed ring of sustain abilities {unknown}
Potions
 h - a potion of cure mutation {unknown}
 i - a potion of resistance {unknown}
 s - a potion of flight {unknown}
 w - a potion of poison {unknown}
 x - a potion of curing {unknown}


   Skills:
 - Level 3.2 Fighting
 * Level 4.1 Maces & Flails
 + Level 4.0 Armour
 + Level 4.0 Shields


You had 3 spell levels left.
You didn't know any spells.

Dungeon Overview and Level Annotations

Branches:
Dungeon (2/27)

Altars:
Elyvilon


Innate Abilities, Weirdness & Mutations

You are resistant to torment.
You are immune to poison.
Your stone body is very resilient (AC +3).
You have very sharp teeth.
You have razor-sharp toenails.
You resist negative energy.
You are resistant to electric shocks.
You have a slow metabolism.
You can survive without breathing.
You are immune to petrification.


Message History

The gnoll hits you but does no damage. You block the gnoll's attack.
You hit the gnoll but do no damage. You claw the gnoll.
You kill the gnoll!
Your Maces & Flails skill increases to level 4!
Your Shields skill increases to level 4!
You block the gnoll's attack.
The gnoll hits you with a runed halberd!
You block the gnoll's attack.
You closely miss the gnoll. The gnoll hits you but does no damage.
The gnoll barely misses you.
You hit the gnoll. Your kick misses the gnoll.
The gnoll is moderately wounded.
The gnoll barely misses you.
The gnoll hits you from afar with a halberd.
* * * LOW HITPOINT WARNING * * *
You hit the gnoll.
You kill the gnoll!
The gnoll hits you from afar with a halberd!
You die...

#.... #...# #...#
##############...#
#.................
#.#############...
#.# #%## #.# #.#.
#@# #.#. #)# #.#.
#g# #... #g# #.#.
#.# #.#. #.. #.#.
### #.## #.# #.#


You could see 2 gnolls.

Vanquished Creatures
  5 gnolls (D:2)
  2 giant mites (D:1)
  2 oozes
  5 bats
  6 giant cockroaches
  5 hobgoblins
  A jackal (D:2)
  7 kobolds
  A ball python (D:2)
  A giant gecko (D:1)
  2 giant newts
  3 goblins
  6 rats
46 creatures vanquished.

Notes
Turn   | Place    | Note
--------------------------------------------------------------
     0 | D:1      | Lilouch, the Gargoyle Fighter, began the quest for the Orb.
     0 | D:1      | Reached XP level 1. HP: 14/14 MP: 0/0
    73 | D:1      | Reached XP level 2. HP: 9/19 MP: 1/1
   351 | D:1      | Reached XP level 3. HP: 15/24 MP: 2/2
   964 | D:2      | Reached XP level 4. HP: 15/28 MP: 3/3
   975 | D:2      | Reached skill level 4 in Armour
  1248 | D:2      | Found a white marble altar of Elyvilon.
  1443 | D:2      | Slain by a gnoll

Action                   |  1- 3 |  4- 6 || total
-------------------------+-------+-------++-------
Melee: Mace              |    85 |    36 ||   121
